SOB
SAN JOSE VOLCANOES @ COLON SCALLYWAGS
01/02/1981
 
TOP OF THE 1ST
Punta Cana Cocos batting - Pitching for Mazatlan Playas : RHP Keefe Cato
Pitching: RHP Keefe Cato
Batting: LHB Dan Murphy 0-0: Ball
1-0: Ball
2-0: Foul Ball, location: 2F
2-1: Ball
3-1: Called Strike
3-2: Base on Balls
Batting: RHB Ed Saavedra 0-0: Foul Ball, location: 2F
0-1: Ball
1-1: Ball
2-1: Fielders Choice at 2nd, 6-4 (Groundball, 6MD, EV 103.1 MPH)
Batting: RHB Randy Lavigne 0-0: Foul Ball, location: 2F
0-1: Swinging Strike
0-2: Fly out, F7 (Flyball, 7S, EV 77.5 MPH)
Batting: LHB Mark Salas 0-0: Ball
1-0: Called Strike
1-1: Ground out 1-3 (Groundball, 34S, EV 70.0 MPH)
Top of the 1st over - 0 runs, 0 hits, 0 errors, 1 left on base; Punta Cana 0 - Mazatlan 0
BOTTOM OF THE 1ST
Mazatlan Playas batting - Pitching for Punta Cana Cocos : LHP Mike Chris
Pitching: LHP Mike Chris
Batting: LHB Dan Rohn 0-0: Ball
1-0: SINGLE (Flyball, 78M, EV 90.6 MPH)
Batting: LHB Brent Hillenga 0-0: Ball
1-0: Called Strike
1-1: Ball
2-1: Foul Ball, location: 2F
2-2: Strikes out swinging
Dan Rohn is caught stealing 2nd base 2-6
Batter strikes out.
Batting: SHB Tony Fernandez 0-0: Swinging Strike
0-1: Ball
1-1: Fly out, F9 (Flyball, 89S, EV 86.9 MPH)
Bottom of the 1st over - 0 runs, 1 hit, 0 errors, 0 left on base; Punta Cana 0 - Mazatlan 0
TOP OF THE 2ND
Punta Cana Cocos batting - Pitching for Mazatlan Playas : RHP Keefe Cato
Batting: RHB Tom Tostenson 0-0: Ground out 4-3 (Groundball, 34, EV 100.6 MPH)
Batting: RHB Kevin Jacobson 0-0: Called Strike
0-1: Ball
1-1: Ball
2-1: Foul Ball, location: 2F
2-2: Ball
3-2: Foul Ball, location: 2F
3-2: Base on Balls
Batting: LHB Dan Williams 0-0: Called Strike
0-1: Called Strike
0-2: Strikes out swinging
Batting: RHB Jose Flores 0-0: Ball
1-0: Foul Ball, location: 2F
1-1: Fly out, F8 (Flyball, 78D, EV 90.6 MPH)
Top of the 2nd over - 0 runs, 0 hits, 0 errors, 1 left on base; Punta Cana 0 - Mazatlan 0
BOTTOM OF THE 2ND
Mazatlan Playas batting - Pitching for Punta Cana Cocos : LHP Mike Chris
Batting: RHB John Freitas 0-0: Called Strike
0-1: Ground out 5-3 (Groundball, 56S, EV 81.9 MPH)
Batting: LHB Matt Winters 0-0: Fly out, F7 (Line Drive, 7D, EV 102.5 MPH)
Batting: LHB Rusty McNealy 0-0: Ball
1-0: Called Strike
1-1: Ball
2-1: Ball
3-1: Fly out, F8 (Flyball, 8LD, EV 91.9 MPH)
Bottom of the 2nd over - 0 runs, 0 hits, 0 errors, 0 left on base; Punta Cana 0 - Mazatlan 0
TOP OF THE 3RD
Punta Cana Cocos batting - Pitching for Mazatlan Playas : RHP Keefe Cato
Batting: RHB Douglas Stokke 0-0: Swinging Strike
0-1: Fly out, F9 (Flyball, 89D, EV 96.3 MPH)
Batting: LHB Dan Murphy 0-0: Ground out 6-3 (Groundball, 6, EV 98.8 MPH)
Batting: RHB Ed Saavedra 0-0: Called Strike
0-1: Ball
1-1: Called Strike
1-2: Foul Ball, location: 2F
1-2: Strikes out looking
Top of the 3rd over - 0 runs, 0 hits, 0 errors, 0 left on base; Punta Cana 0 - Mazatlan 0
BOTTOM OF THE 3RD
Mazatlan Playas batting - Pitching for Punta Cana Cocos : LHP Mike Chris
Batting: LHB Max Venable 0-0: Swinging Strike
0-1: Called Strike
0-2: Ball
1-2: Strikes out swinging
Batting: SHB Donnie Scott 0-0: Ball
1-0: Called Strike
1-1: Ball
2-1: Ball
3-1: Ground out 1-3 (Groundball, P, EV 83.8 MPH)
Batting: RHB Mark Naehring 0-0: Called Strike
0-1: Ball
1-1: Ball
2-1: Ground out U3 (Groundball, 34, EV 78.8 MPH)
Bottom of the 3rd over - 0 runs, 0 hits, 0 errors, 0 left on base; Punta Cana 0 - Mazatlan 0
TOP OF THE 4TH
Punta Cana Cocos batting - Pitching for Mazatlan Playas : RHP Keefe Cato
Batting: RHB Randy Lavigne 0-0: Ball
1-0: Called Strike
1-1: Swinging Strike
1-2: Ball
2-2: Foul Ball, location: 2F
2-2: SINGLE (Line Drive, 7LS, EV 113.8 MPH)
Batting: LHB Mark Salas 0-0: Ball
1-0: Called Strike
Randy Lavigne is caught stealing 2nd base 2-6
1-1: Ball
2-1: Swinging Strike
2-2: Fly out, F8 (Flyball, 8LS, EV 85.6 MPH)
Batting: RHB Tom Tostenson 0-0: Ground out 6-3 (Groundball, 6, EV 104.4 MPH)
Top of the 4th over - 0 runs, 1 hit, 0 errors, 0 left on base; Punta Cana 0 - Mazatlan 0
BOTTOM OF THE 4TH
Mazatlan Playas batting - Pitching for Punta Cana Cocos : LHP Mike Chris
Batting: LHB Dan Rohn 0-0: Ball
1-0: Ball
2-0: Foul Ball, location: 2F
2-1: Ball
3-1: Base on Balls
Batting: LHB Brent Hillenga 0-0: Ball
1-0: Ball
2-0: Fly out, F8 (Flyball, 89D, EV 101.9 MPH)
Batting: SHB Tony Fernandez 0-0: Foul Ball, location: 2F
0-1: Ball
1-1: Ball
2-1: Fly out, F8 (Line Drive, 8LM, EV 94.4 MPH)
Batting: RHB John Freitas 0-0: Ball
1-0: Ball
2-0: 2-RUN HOME RUN (Flyball, 7D, EV 96.9 MPH), Distance : 385 ft
Batting: LHB Matt Winters 0-0: Fly out, F6 (Popup, 4MS, EV 68.8 MPH)
Bottom of the 4th over - 2 runs, 1 hit, 0 errors, 0 left on base; Punta Cana 0 - Mazatlan 2
TOP OF THE 5TH
Punta Cana Cocos batting - Pitching for Mazatlan Playas : RHP Keefe Cato
Batting: RHB Kevin Jacobson 0-0: Swinging Strike
0-1: Swinging Strike
0-2: SINGLE (Line Drive, 89M, EV 105.6 MPH)
Batting: LHB Dan Williams 0-0: Called Strike
0-1: Swinging Strike
0-2: Ball
1-2: Foul Ball, location: 2F
1-2: Ball
2-2: Ball
3-2: Foul Ball, location: 2F
3-2: Base on Balls
Kevin Jacobson to second
Batting: RHB Jose Flores 0-0: Ball
1-0: Foul Ball, location: 2F
1-1: Grounds into double play, 1-6-3 (Groundball, 13, EV 83.8 MPH)
Kevin Jacobson to third
Batting: RHB Douglas Stokke 0-0: Ball
1-0: Foul Ball, location: 2F
1-1: Ball
2-1: Ball
3-1: Fly out, F3 (Line Drive, 3, EV 68.8 MPH)
Top of the 5th over - 0 runs, 1 hit, 0 errors, 1 left on base; Punta Cana 0 - Mazatlan 2
BOTTOM OF THE 5TH
Mazatlan Playas batting - Pitching for Punta Cana Cocos : LHP Mike Chris
Batting: LHB Rusty McNealy 0-0: Called Strike
0-1: Ball
1-1: Ball
2-1: Foul Ball, location: 2F
2-2: Foul Ball, location: 2F
2-2: Ball
3-2: Foul Ball, location: 2F
3-2: Base on Balls
Batting: LHB Max Venable 0-0: Called Strike
0-1: Ball
1-1: Fly out, F6 (Popup, 56, EV 58.1 MPH)
Batting: SHB Donnie Scott 0-0: Ball
1-0: Swinging Strike
1-1: Reached on error, E8 (Flyball, 89D, EV 101.9 MPH)
Rusty McNealy to third
Batting: RHB Mark Naehring 0-0: Ball
1-0: Foul Ball, location: 2F
1-1: Ball
2-1: DOUBLE (Line Drive, 9LS, EV 100.6 MPH)
Rusty McNealy scores
Donnie Scott scores
Batting: LHB Dan Rohn 0-0: Ball
1-0: Ball
2-0: Foul Ball, location: 2F
2-1: Ball
3-1: Base on Balls
Batting: LHB Brent Hillenga 0-0: Ground out 4-3 (Groundball, 4MS, EV 80.6 MPH)
Mark Naehring to third
Dan Rohn to second
Batting: SHB Tony Fernandez 0-0: Ball
1-0: DOUBLE (Line Drive, 9LM, EV 108.1 MPH)
Mark Naehring scores
Dan Rohn scores
Pitching: RHP Gordy Glaser
Batting: RHB John Freitas 0-0: Ball
1-0: SINGLE (Groundball, 6D, EV 97.5 MPH)
Tony Fernandez to third
Runner from 3rd tries for Home, SAFE, throw by CF to home
John Freitas to second
Batting: LHB Matt Winters 0-0: Called Strike
0-1: Ball
1-1: Ball
2-1: Ball
3-1: Swinging Strike
3-2: Foul Ball, location: 2F
3-2: Strikes out looking
Bottom of the 5th over - 5 runs, 3 hits, 1 error, 1 left on base; Punta Cana 0 - Mazatlan 7
TOP OF THE 6TH
Punta Cana Cocos batting - Pitching for Mazatlan Playas : RHP Keefe Cato
Batting: LHB Dan Murphy 0-0: Called Strike
0-1: Ball
1-1: Foul Ball, location: 2F
1-2: Ball
2-2: Ball
3-2: Base on Balls
Batting: RHB Ed Saavedra 0-0: Called Strike
0-1: Called Strike
0-2: Fly out, F7 (Flyball, 78M, EV 86.3 MPH)
Batting: RHB Randy Lavigne 0-0: Called Strike
Dan Murphy steals 2nd base
0-1: Ground out 4-3 (Groundball, 34, EV 110.6 MPH)
Dan Murphy to third
Batting: LHB Mark Salas 0-0: Called Strike
0-1: Ball
1-1: Fly out, F7 (Flyball, 78M, EV 87.5 MPH)
Top of the 6th over - 0 runs, 0 hits, 0 errors, 1 left on base; Punta Cana 0 - Mazatlan 7
BOTTOM OF THE 6TH
Mazatlan Playas batting - Pitching for Punta Cana Cocos : RHP Gordy Glaser
Batting: LHB Rusty McNealy 0-0: Called Strike
0-1: Foul Ball, location: 2F
0-2: Ball
1-2: Ball
2-2: Strikes out swinging
Batting: LHB Max Venable 0-0: Ball
1-0: Foul Ball, location: 2F
1-1: Called Strike
1-2: Foul Ball, location: 2F
1-2: Ball
2-2: Ball
3-2: Fly out, F9 (Flyball, 9S, EV 84.4 MPH)
Batting: SHB Donnie Scott 0-0: Ball
1-0: Ball
2-0: Called Strike
2-1: Ball
3-1: Base on Balls
Batting: RHB Mark Naehring 0-0: Ball
1-0: Swinging Strike
1-1: Ball
2-1: Fly out, F6 (Popup, 56D, EV 55.0 MPH)
Bottom of the 6th over - 0 runs, 0 hits, 0 errors, 1 left on base; Punta Cana 0 - Mazatlan 7
TOP OF THE 7TH
Punta Cana Cocos batting - Pitching for Mazatlan Playas : RHP Keefe Cato
Batting: RHB Tom Tostenson 0-0: Called Strike
0-1: Ball
1-1: Ball
2-1: Foul Ball, location: 2F
2-2: Foul Ball, location: 2F
2-2: Ground out 6-3 (Groundball, 6, EV 92.5 MPH)
Batting: RHB Kevin Jacobson 0-0: Ball
1-0: Ball
2-0: Called Strike
2-1: Fly out, F3 (Popup, 34, EV 63.8 MPH)
Pinch Hitting: LHB Matthew Vejar 0-0: Called Strike
0-1: Fly out, F8 (Line Drive, 8LM, EV 89.4 MPH)
Top of the 7th over - 0 runs, 0 hits, 0 errors, 0 left on base; Punta Cana 0 - Mazatlan 7
BOTTOM OF THE 7TH
Mazatlan Playas batting - Pitching for Punta Cana Cocos : RHP Gordy Glaser
Now at 1B: Andreas Schardt
Batting: LHB Dan Rohn 0-0: Foul Ball, location: 2F
0-1: Foul Ball, location: 2F
0-2: Ball
1-2: Ball
2-2: Ground out 4-3 (Groundball, 4, EV 89.4 MPH)
Batting: LHB Brent Hillenga 0-0: Swinging Strike
0-1: Ball
1-1: Ball
2-1: SINGLE (Groundball, 4D, EV 98.8 MPH)
Batting: SHB Tony Fernandez 0-0: Fly out, F9 (Flyball, 9, EV 91.3 MPH)
Batting: RHB John Freitas 0-0: Called Strike
0-1: Ball
1-1: Ball
2-1: Called Strike
2-2: Fly out, F7 (Flyball, 7LSF, EV 98.1 MPH)
Bottom of the 7th over - 0 runs, 1 hit, 0 errors, 1 left on base; Punta Cana 0 - Mazatlan 7
TOP OF THE 8TH
Punta Cana Cocos batting - Pitching for Mazatlan Playas : RHP Keefe Cato
Batting: RHB Jose Flores 0-0: Called Strike
0-1: Foul Ball, location: 2F
0-2: SINGLE (Groundball, 4MD, EV 105.6 MPH)
Batting: RHB Douglas Stokke 0-0: Swinging Strike
0-1: Ball
1-1: Foul Ball, location: 2F
1-2: Grounds into double play, 4-6-3 (Groundball, 4M, EV 90.0 MPH)
Batting: LHB Dan Murphy 0-0: DOUBLE (Line Drive, 9LM, EV 95.6 MPH)
Batting: RHB Ed Saavedra 0-0: Ball
1-0: Called Strike
1-1: Ground out 4-3 (Groundball, 4, EV 85.6 MPH)
Top of the 8th over - 0 runs, 2 hits, 0 errors, 1 left on base; Punta Cana 0 - Mazatlan 7
BOTTOM OF THE 8TH
Mazatlan Playas batting - Pitching for Punta Cana Cocos : RHP Gordy Glaser
Batting: LHB Matt Winters 0-0: Ball
1-0: Ball
2-0: SOLO HOME RUN (Flyball, 78XD, EV 106.9 MPH), Distance : 432 ft
Batting: LHB Rusty McNealy 0-0: Fly out, F8 (Flyball, 89D, EV 79.4 MPH)
Batting: LHB Max Venable 0-0: Called Strike
0-1: Swinging Strike
0-2: Ball
1-2: Foul Ball, location: 2F
1-2: Ground out 1-3 (Groundball, 34S, EV 84.4 MPH)
Batting: SHB Donnie Scott 0-0: Called Strike
0-1: Fly out, F7 (Flyball, 7LM, EV 82.5 MPH)
Bottom of the 8th over - 1 run, 1 hit, 0 errors, 0 left on base; Punta Cana 0 - Mazatlan 8
TOP OF THE 9TH
Punta Cana Cocos batting - Pitching for Mazatlan Playas : RHP Keefe Cato
Batting: RHB Randy Lavigne 0-0: Swinging Strike
0-1: Swinging Strike
0-2: Foul Ball, location: 2F
0-2: Strikes out looking
Batting: LHB Mark Salas 0-0: Fly out, F9 (Flyball, 9, EV 96.9 MPH)
Batting: RHB Tom Tostenson 0-0: Ball
1-0: Called Strike
1-1: Ball
2-1: Ground out 5-3 (Groundball, 56, EV 102.5 MPH)
Top of the 9th over - 0 runs, 0 hits, 0 errors, 0 left on base; Punta Cana 0 - Mazatlan 8
Saturday, June 6th, 2020 - OOTP Baseball 21.3 Build 54